 Dungeon Crawl Stone Soup version 0.29.1-1-gd02db6906a (webtiles) character file.

Game seed: 1584656447961204379

9 Doomgape the Grave Robber (level 2, 0/19 HPs)
             Began as a Mummy Necromancer on Sept 18, 2022.
             Slain by a gnoll
             ... wielding a +0 whip
              (1 damage)
             ... on level 1 of the Dungeon.
             The game lasted 00:01:58 (606 turns).

Doomgape the Grave Robber (Mummy Necromancer)        Turns: 606, Time: 00:01:58

Health: 0/19       AC:  2    Str: 11    XL:     2   Next: 3%
Magic:  1/6        EV: 12    Int: 14    God:
Gold:   19         SH:  0    Dex: 12    Spells: 6/7 levels left

rFire   x . .      SeeInvis .   (no weapon)
rCold   + . .      Faith    .   (no shield)
rNeg    + + +      Spirit   .   a - +0 robe
rPois   ∞          Reflect  .   (no helmet)
rElec   .          Harm     .   (no cloak)
rCorr   .          Rampage  .   (no gloves)
Will    .....                   (no boots)
Stlth   ++........              (no amulet)
HPRegen 0.06/turn               (no ring)
MPRegen 0.10/turn               (no ring)

@: no status effects
A: cold resistance 1, negative energy resistance 3, torment resistance 2, heat
vulnerability 1, no potions
a: no special abilities


You were on level 1 of the Dungeon.
You visited 1 branch of the dungeon, and saw 1 of its levels.

You collected 19 gold pieces.

Inventory:

Armour
 a - a +0 robe (worn)


   Skills:
 - Level 1.5 Dodging
 - Level 1.5 Stealth
 + Level 3.1 Spellcasting
 + Level 4.2 Necromancy


You had 6 spell levels left.
You knew the following spells:

 Your Spells              Type           Power      Damage    Failure   Level
a - Necrotise             Necr           56%        1d6       3%          1

Your spell library contained the following spells:

 Spells                   Type           Power      Damage    Failure   Level
 Vampiric Draining        Necr           14%        2d7       11%         3
 Animate Dead             Necr           14%        N/A       36%         4
 Agony                    Necr           14%        N/A       71%         5


Dungeon Overview and Level Annotations

Branches:
Dungeon (1/15)

Altars:


Innate Abilities, Weirdness & Mutations

You are immune to poison.
Your flesh is cold resistant. (rC+)
You are immune to negative energy. (rN+++)
You are immune to unholy pain and torment.
You are vulnerable to heat. (rF-)
You do not drink.


Message History

Your bat skeleton completely misses the gnoll.
Your bat skeleton hits the gnoll but does no damage.
Your kobold skeleton hits the gnoll but does no damage.
Your bat skeleton barely misses the gnoll.
The rat bites your bat skeleton.
Your bat skeleton is destroyed!
Your kobold skeleton misses the gnoll.
Something bites your kobold skeleton.
Something closely misses your kobold skeleton.
Casting: Necrotise (safe; 3% risk of failure)
Confirm with . or Enter, or press ? or * to list all spells.
Aiming: Necrotise (safe; 3% risk of failure)
Press: ? - help, Shift-Dir - straight line, f/p - gnoll
Aim: a gnoll, wielding a +0 whip (ally target, chance to affect: 78%)
The gnoll writhes in agony.
The kobold throws a stone.
The stone hits your kobold skeleton.
You hit the gnoll.
The gnoll is severely wounded.
The rat bites your kobold skeleton.
Your kobold skeleton is destroyed!
The gnoll hits you with a +0 whip.
You hit the gnoll but do no damage.
The gnoll is severely wounded.
The gnoll barely misses you.
You barely miss the gnoll.
The gnoll is severely wounded.
The gnoll closely misses you.
You hit the gnoll.
The gnoll is severely wounded.
The gnoll closely misses you.
You closely miss the gnoll.
The gnoll is severely wounded.
The gnoll hits you with a +0 whip.
Unknown command.
The gnoll attacks as you move away! The gnoll hits you with a +0 whip.
* * * LOW HITPOINT WARNING * * *
The gnoll attacks as you move away! The gnoll hits you with a +0 whip.
* * * LOW HITPOINT WARNING * * *
The gnoll attacks as you move away! The gnoll hits you with a +0 whip.
You die...

.......# #.......###...###
.......# ####.##..#..~..######
.......# ### #..##...~~~...>...
......#####.#
##..#.#..~..#.....
.....#......# ##..###...##.....
#.####.####.# ##...##.##......
#. #........##
###.....[####..## .
...#.##....####.........###.##
#......##....#.g@..###....##..#
#... ####....r.#...#
#(.#..#.#### #.#. ##......_.###
#.##........ #.#.####....KS####
#.##........ #.....)....##
#.###....... #..(.#.[..# #.#
#....... #.#..#....# #.#
#....... .###.#....####
..#.#### .........## ###..#


You could see a gnoll, a kobold and a rat.

Vanquished Creatures
  A bat (D:1)
  An endoplasm (D:1)
  2 giant cockroaches (D:1)
  2 kobolds (D:1)
  A quokka (D:1)
7 creatures vanquished.

Vanquished Creatures (others)
  3 plants (D:1)
3 creatures vanquished.

Grand Total: 10 creatures vanquished

Notes
Turn   | Place    | Note
-------+----------+-------------------------------------------
     0 | D:1      | Doomgape the Mummy Necromancer began the quest for the Orb.
     0 | D:1      | Reached XP level 1. HP: 13/13 MP: 4/4
    60 | D:1      | Found a faded altar of an unknown god.
   581 | D:1      | Reached XP level 2. HP: 19/19 MP: 0/6
   606 | D:1      | Slain by a gnoll

Illustrated notes

Levels and vault maps discovered:
D:1:      wheals_arrival_linesprint, layout_rooms, basic_ecumenical_altar,
          amcnicky_mini_pool_small, nicolae_grassy_gnolls

Skill      XL: |  1 |
---------------+----+-----
Spellcasting   | 3 |  3.1
Dodging        | |  1.5
Stealth        | |  1.5
Necromancy     | |  4.2

Action                   || total
-------------------------++-------
Melee: Unarmed           ||    40
 Cast: Necrotise         ||    16
Armor: Robe              ||     6
Dodge: Dodged            ||    35
